Map: Croisement de Kairos EC

Players

zidar - Winner!

  • Race: Zerg Zerg
  • League: Gold
  • Spawn Location: 11:00

Lewik

  • Race: Zerg Zerg
  • Spawn Location: 5:00

VOD

Have the link to the VOD?

Description

Time

  • Played on: Dec. 30, 2018, 11:18 a.m.
  • Length: 4:32
Show
View Real Time Build Order
Export as new Build Order

zidar Zerg - Winner!

Build Orders: Pool First 

Get SALT Encoding   

  12  0:01  Drone  
  13  0:12  Overlord  
  13  0:16  Drone  
  14  0:37  Spawning Pool  
  14  0:39  Drone  
  14  0:43  Extractor  
  14  0:47  Drone  
  14  1:19  Hatchery  
  14  1:23  Drone  
  14  1:39  Queen  
  16  1:50  Metabolic Boost  
  16  2:03  Zergling x2  
  16  2:05  Overlord  
  17  2:18  Zergling x2  
  17  2:19  Zergling x2  
  18  2:27  Baneling Nest  
  17  2:37  Zergling x6  
  20  2:47  Drone  
  20  2:49  Zergling x2  
  22  3:09  Zergling x2  
  22  3:10  Zergling x6  
  26  3:19  Zergling x4  
  23  3:43  Baneling x4  
  23  3:45  Zergling x8  
  27  3:56  Zergling x2  
  27  3:57  Zergling x2  
Show
View Real Time Build Order
Export as new Build Order

Lewik Zerg 

Build Orders: Pool First 

Get SALT Encoding   

  12  0:02  Drone  
  13  0:17  Drone  
  13  0:18  Overlord  
  14  0:39  Spawning Pool, Drone  
  14  0:46  Drone  
  15  0:51  Drone  
  15  0:52  Drone  
  17  1:12  Drone  
  18  1:22  Extractor  
  17  1:40  Zergling x4  
  17  1:41  Zergling x2  
  20  1:49  Queen  
  20  1:53  Overlord  
  22  2:16  Drone x2  
  24  2:33  Drone  
  25  2:47  Hatchery  
  24  3:05  Zergling x6  
  26  3:17  Zergling x4  
  26  3:18  Zergling x2  
  26  3:36  Zergling x2  
  27  3:49  Zergling x2  
  28  4:00  Drone x3  
Tags
 
Add a new tag
Caveats
  • Supply blocks, unpowered buildings, or Contaminate may cause inaccurate times.
  • Supply counts are checked every 10 seconds.